 Dungeon Crawl Stone Soup version 0.16.0-11-gd45b091 (webtiles) character file.

3747 Palladion the Fighter (level 10, -2/115 HPs)
             Began as an Ogre Gladiator on Mar 17, 2015.
             Was a Follower of Ru.
             Slain by a killer bee (15 damage)
             ... on level 8 of the Dungeon.
             The game lasted 00:20:13 (6954 turns).

Palladion the Fighter (Ogre Gladiator)              Turns: 6954, Time: 00:20:13

Health: -2/115     AC: 10    Str: 25    XL:     10   Next: 15%
Magic:  10/10      EV: 11    Int:  7    God:    Ru [*.....]
Gold:   381        SH:  0    Dex: 10    Spells: 0 memorised, 9 levels left

rFire  + . .     SeeInvis .     M - +1 flail (protect)
rCold  . . .     Clarity  .     z - +2 robe {rF+}
rNeg   + . .     SustAb   .     (shield restricted)
rPois  +         Gourm    .     c - +0 hat
rElec  .         Spirit   .     (no cloak)
rCorr  .         Warding  .     (gloves unavailable)
rMut   .         Stasis   .     (boots unavailable)
MR     +....                    F - amulet of regeneration
Stlth  +.........               p - ring of poison resistance
                                o - ring of positive energy

@: somewhat resistant to hostile enchantments, very unstealthy
A: unfitting armour, tough skin 1, no charms magic, no fire magic, no necromancy
magic
a: Renounce Religion


You were on level 8 of the Dungeon.
You worshipped Ru.
Ru was aware of your devotion.
You were not hungry.

You visited 2 branches of the dungeon, and saw 9 of its levels.
You also visited: Sewer.

You collected 381 gold pieces.

Inventory:

Hand weapons
 B - a +0 giant spiked club
 M - a +1 flail of protection (weapon)
Missiles
 d - 3 throwing nets
 A - 5 large rocks (quivered)
Armour
 c - a +0 hat (worn)
 z - a +2 robe of fire resistance (worn)
 H - the +2 pair of boots of Tenacity {rElec rPois rF+ MP-9 Int+2}
   (You found it on level 5 of the Dungeon)

   It affects your intelligence (+2).
   It protects you from fire.
   It insulates you from electricity.
   It protects you from poison.
   It affects your magic capacity (-9).
 J - a +2 robe of positive energy
 L - the +7 chain mail of Midsummer {rC+ Str+5}
   (You found it on level 7 of the Dungeon)

   It affects your strength (+5).
   It protects you from cold.
Magical staves
 y - an uncursed staff of fire
Jewellery
 o - a ring of positive energy (left hand)
 p - a ring of poison resistance (right hand)
 F - an amulet of regeneration (around neck)
Magical devices
 D - a wand of flame (0)
 K - a wand of paralysis (16)
Scrolls
 a - a scroll of fear {unknown}
 b - a scroll of fog {unknown}
 g - 13 scrolls of identify
 j - 3 scrolls of random uselessness {unknown}
 l - 3 scrolls of remove curse
 n - 4 scrolls of teleportation {unknown}
 x - 2 scrolls of blinking {unknown}
 E - 2 scrolls of magic mapping {unknown}
 G - a scroll of enchant weapon {unknown}
 I - a scroll of acquirement {unknown}
Potions
 e - a potion of flight {unknown}
 h - 2 potions of brilliance {unknown}
 i - a potion of might {unknown}
 m - 3 potions of curing
 r - 2 potions of restore abilities {unknown}
 t - a potion of haste {unknown}
 w - a potion of degeneration {unknown}
 C - a potion of cancellation {unknown}
Comestibles
 f - 4 meat rations
 k - a royal jelly
 q - 4 bread rations
 s - 2 beef jerkies
 u - 3 fruits
 v - a slice of pizza


   Skills:
 - Level 12.2 Fighting
 - Level 12.1 Maces & Flails
 + Level 4.8 Throwing
 + Level 4.6 Dodging


You had 9 spell levels left.
You didn't know any spells.

Dungeon Overview and Level Annotations

Branches:
Dungeon (8/15)             Temple (1/1) D:5
   Lair: D:8-11

Altars:
Ashenzari
Cheibriados
Dithmenos
Elyvilon
Gozag
Kikubaaqudgha
Makhleb
Nemelex Xobeh
Qazlal
Ru
Sif Muna
Trog
Vehumet
Xom
The Shining One

Shops:
D:4 %=   D:7 =


Innate Abilities, Weirdness & Mutations

You are too large for most types of armour.
You have tough skin (AC +1).
You cannot study or cast Charms magic.
You cannot study or cast Fire magic.
You cannot study or cast Necromancy magic.


Message History

You hear an angry buzzing noise.
The killer bee stings you!
* * * LOW HITPOINT WARNING * * *
You hear an angry buzzing noise.
Drink which item? (? for menu, Esc to quit)
You feel better. The killer bee barely misses you.
The killer bee stings you but does no damage.
The killer bee rages.
You hear an angry buzzing noise.
The killer bee barely misses you.
Read which item? (? for menu, Esc to quit)
Okay, then.
You hear an angry buzzing noise.
The killer bee stings you but does no damage.
The killer bee stings you.
* * * LOW HITPOINT WARNING * * *
The killer bee stings you but does no damage.
You hear an angry buzzing noise.
The killer bee stings you!
You die...

#.##.(.##...##.
#.##....#######
#.##.........#
..##...###...#
####.........#
#...##....#
#...##....#
###########.........#
#yyyy@<.......##.####
#y########.#### # #.#
#.# #y# #.# #y# #S#
#y# #.# #...y# #.#
#.##.. ..# # .... ...


You could see 5 killer bees.

Vanquished Creatures
  The ghost of cerealjynx the Cutter, an experienced DEBe of Trog (D:7)
  A water moccasin (D:8)
  4 ice beasts
  A sky beast (D:6)
  An ogre (D:7)
  2 phantoms (D:4)
  2 orc warriors
  2 centaurs
  A big kobold (D:8)
  The ghost of Palladion the Stinger, an average GrVM (D:3)
  2 giant frogs (Sewer)
  9 killer bees (D:8)
  6 wights
  2 crimson imps
  A giant frog zombie (D:5)
  A jelly (D:5)
  A centaur skeleton (D:7)
  A quasit (D:8)
  2 centaur zombies (D:5)
  2 orc priests
  2 giant frog skeletons
  A gnoll shaman (D:6)
  A goliath beetle (D:6)
  5 hounds
  4 worker ants
  2 iguanas
  3 orc wizards
  A killer bee zombie (D:8)
  Robin (D:2)
  A river rat (D:3)
  16 adders
  6 worms
  10 giant mites
  An adder skeleton (D:5)
  14 giant geckos
  16 oozes
  19 orcs
  9 ball pythons
  A bat skeleton (D:6)
  A bat zombie (D:2)
  19 giant cockroaches
  19 goblins
  11 hobgoblins
  4 jackals (D:5)
  9 bats
  A giant gecko skeleton (D:5)
  A giant gecko zombie (D:6)
  25 giant newts
  17 kobolds
  3 quokkas
  A quokka skeleton (D:4)
  2 quokka zombies
  12 rats
281 creatures vanquished.

Vanquished Creatures (others)
  An orc (D:7)
  A giant spore (D:8)
2 creatures vanquished.

Grand Total: 283 creatures vanquished

Notes
Turn   | Place    | Note
--------------------------------------------------------------
     0 | D:1      | Palladion, the Ogre Gladiator, began the quest for the Orb.
     0 | D:1      | Reached XP level 1. HP: 22/22 MP: 1/1
   139 | D:1      | Reached XP level 2. HP: 31/31 MP: 2/2
   426 | D:1      | Reached XP level 3. HP: 31/39 MP: 3/3
   706 | D:2      | Found a shadowy altar of Dithmenos.
   814 | D:2      | Noticed Robin
   834 | D:2      | Killed Robin
   834 | D:2      | Reached skill level 5 in Maces & Flails
   845 | D:2      | Reached XP level 4. HP: 11/49 MP: 4/4
  1049 | D:2      | Found a white marble altar of Elyvilon.
  1568 | D:2      | Found an ancient bone altar of Kikubaaqudgha.
  1676 | D:2      | Noticed a moth of wrath
  1679 | D:2      | Found a bloodstained altar of Trog.
  1690 | D:2      | Reached skill level 5 in Fighting
  1701 | D:2      | Reached XP level 5. HP: 46/57 MP: 5/5
  1959 | D:3      | Reached skill level 6 in Maces & Flails
  2360 | D:3      | Found a glowing drain.
  2374 | D:3      | Reached XP level 6. HP: 59/67 MP: 6/6
  2395 | Sewer    | Entered a sewer
  2630 | Sewer    | Reached skill level 7 in Maces & Flails
  3020 | Sewer    | Reached XP level 7. HP: 36/78 MP: 7/7
  3271 | D:3      | Noticed Palladion's ghost (average GrVM)
  3277 | D:3      | Killed Palladion's ghost
  3277 | D:3      | Reached skill level 8 in Fighting
  3654 | D:4      | Found Wireodd Blee's Food Shoppe.
  3681 | D:4      | Found a burning altar of Makhleb.
  3682 | D:4      | Found a radiant altar of Vehumet.
  3815 | D:4      | Found Ghiasuda's Jewellery Emporium.
  3891 | D:4      | Reached XP level 8. HP: 84/91 MP: 8/8
  3906 | D:4      | Reached skill level 9 in Fighting
  4161 | D:5      | Entered Level 5 of the Dungeon
  4466 | D:5      | Found a staircase to the Ecumenical Temple.
  4588 | D:5      | Reached skill level 10 in Fighting
  4588 | D:5      | Reached skill level 10 in Maces & Flails
  4713 | D:5      | Got a pair of smoking boots
  4974 | D:5      | Identified the +2 pair of boots of Tenacity {rElec rPois rF+ MP-9 Int+2} (You found it on level 5 of the Dungeon)
  5092 | Temple   | Entered the Ecumenical Temple
  5158 | Temple   | Became a worshipper of Ru the Awakened
  5225 | D:6      | Reached XP level 9. HP: 93/102 MP: 9/9
  5466 | D:6      | Reached skill level 11 in Fighting
  6141 | D:7      | Noticed cerealjynx's ghost (experienced DEBe)
  6146 | D:7      | Killed cerealjynx's ghost
  6146 | D:7      | Reached skill level 12 in Fighting
  6272 | D:7      | Gained mutation: You cannot study or cast Fire magic. [Ru sacrifice]
  6272 | D:7      | Gained mutation: You cannot study or cast Necromancy magic. [Ru sacrifice]
  6272 | D:7      | Gained mutation: You cannot study or cast Charms magic. [Ru sacrifice]
  6272 | D:7      | Acquired Ru's first power
  6295 | D:7      | Found a snail-covered altar of Cheibriados.
  6314 | D:7      | Got a warped chain mail
  6315 | D:7      | Identified the +7 chain mail of Midsummer {rC+ Str+5} (You found it on level 7 of the Dungeon)
  6418 | D:7      | Found Ezuung's Jewellery Boutique.
  6707 | D:8      | Reached XP level 10. HP: 72/115 MP: 10/10
  6954 | D:8      | Slain by a killer bee

Action                   |  1- 3 |  4- 6 |  7- 9 | 10-12 || total
-------------------------+-------+-------+-------+-------++-------
Melee: Flail             |    77 |   313 |    39 |    24 ||   453
       Mace              |       |       |   230 |       ||   230
       Giant spiked club |       |       |    34 |    37 ||    71
       Dire flail        |       |       |    10 |       ||    10
Throw: Large rock        |       |       |     4 |       ||     4
Invok: Sacrifice Arcana  |       |       |     1 |       ||     1
  Use: Scroll            |       |       |     3 |       ||     3
       Potion            |       |       |       |     2 ||     2
  Eat: Chunk             |       |     7 |    12 |     2 ||    21
